 Dungeon Crawl Stone Soup version 0.27.1-3-gb3d3a73c9e (webtiles) character file.

Game seed: 17213323152757844435

342 bnorton916 the Magician (level 6, -1/32 HPs)
             Began as a Deep Elf Conjurer on Oct 18, 2021.
             Slain by a hobgoblin (12 damage)
             ... on level 4 of the Dungeon.
             The game lasted 00:06:23 (4346 turns).

bnorton916 the Magician (Deep Elf Conjurer)         Turns: 4346, Time: 00:06:24

Health: -1/32      AC:  4    Str:  4    XL:     6   Next: 30%
Magic:  12/17      EV: 12    Int: 25    God:
Gold:   114        SH:  0    Dex: 13    Spells: 7/18 levels left

rFire    . . .     SeeInvis .   d - +0 spear (venom)
rCold    . . .     Faith    .   (no shield)
rNeg     . . .     Spirit   .   a - +0 robe
rPois    .         Reflect  .   f - +0 helmet
rElec    .         Harm     .   (no cloak)
rCorr    .         Rampage  .   (no gloves)
Will     .....                  c - +0 pair of boots
Stlth    ++........             (no amulet)
HPRegen  0.10/turn              (no ring)
MPRegen  0.15/turn              (no ring)

@: no status effects
A: no striking features
a: no special abilities


You were on level 4 of the Dungeon.
You visited 1 branch of the dungeon, and saw 4 of its levels.
You also visited: Sewer.

You collected 114 gold pieces.

Inventory:

Hand Weapons
 d - a +0 spear of venom (weapon)
 e - a +2 dagger of electrocution
 g - a +2 whip of electrocution
 h - a +2 dagger of venom
Missiles
 k - 6 poisoned darts
Armour
 a - a +0 robe (worn)
 c - a +0 pair of boots (worn)
 f - a +0 helmet (worn)
Scrolls
 b - a scroll of enchant armour {unknown}
 j - 2 scrolls of enchant weapon {unknown}
 o - a scroll of teleportation {unknown}
Potions
 i - 3 potions of curing
 l - a potion of flight
 m - 2 potions of heal wounds
 n - a potion of berserk rage {unknown}
 p - a potion of attraction {unknown}


   Skills:
 - Level 2.4 Dodging
 - Level 2.4 Stealth
 + Level 6.7 Spellcasting
 + Level 6.7 Conjurations


You had 7 spell levels left.
You knew the following spells:

 Your Spells              Type           Power      Damage    Failure   Level
a - Magic Dart            Conj           100%       1d8       1%          1
b - Searing Ray           Conj           82%        3d6       1%          2
c - Fulminant Prism       Conj/Hex       12%        3d9       17%         4
d - Iskenderun's Mystic   Conj/Tloc      25%        2d7       17%         4

Your spell library contained the following spells:

 Spells                   Type           Power      Damage    Failure   Level
 Conjure Flame            Conj/Fire      25%        6-21      5%          3
 Dazzling Flash           Conj/Hex       50%        N/A       5%          3
 Sticky Flame             Conj/Fire      25%        2d5       17%         4
 Ignite Poison            Fire/Tmut/Pois 8%         N/A       21%         3


Dungeon Overview and Level Annotations

Branches:
Dungeon (4/15)              Sewer (visited)
 Temple: D:4-7

Altars:
Qazlal
Xom


Message History

Found a stone staircase leading up.
Found an orange potion.
Found a stone staircase leading down.
p - an orange potion You open the door. 6 hobgoblins come into view.
The hobgoblin shouts! x3
The hobgoblin hits you from afar with a +0 scythe.
The hobgoblin closely misses you.
The hobgoblin shouts! x2
Casting: Searing Ray (safe; 1% risk of failure)
Confirm with . or Enter, or press ? or * to list all spells.
Aiming: Searing Ray (safe; 1% risk of failure)
Press: ? - help, Shift-Dir - straight line, f - hobgoblin
Aim: a hobgoblin, wielding a +0 scythe and wearing a +0 robe (82% to hit)
The searing ray hits the hobgoblin!
You kill the hobgoblin!
The searing ray hits the hobgoblin!
You kill the hobgoblin! (Press . to maintain the ray.)
The hobgoblin completely misses you.
The hobgoblin hits you from afar with a +0 scythe!
Ouch! That really hurt!
Casting: Searing Ray (safe; 1% risk of failure)
Confirm with . or Enter, or press ? or * to list all spells.
Restarting spell: Searing Ray (safe; 1% risk of failure)
Press: ? - help, Shift-Dir - straight line, f - hobgoblin
Aim: a hobgoblin, wielding a +0 scythe and wearing a +0 robe (82% to hit)
The searing ray hits the hobgoblin.
The hobgoblin is severely wounded.
The searing ray hits the hobgoblin.
The hobgoblin is almost dead. (Press . to maintain the ray.)
The hobgoblin closely misses you. The hobgoblin barely misses you.
The searing ray hits the hobgoblin!
You kill the hobgoblin!
The searing ray hits the hobgoblin.
You kill the hobgoblin!
The hobgoblin misses you.
The hobgoblin hits you from afar with a +0 scythe!
You die...

#....... #....)..
#....... #.##.###
##### #####.#####
#)).####.........#
g)g#............#
###'##............#
#..@......###'#####
#.........# #.#
#.........# #.#
#.........# #.#
#.>.......# #.#
#.......<.# #.#
#.........# #..
#.........# ###
#.........#


You could see 2 hobgoblins.

Vanquished Creatures
  A black bear (D:4)
  A kobold brigand (Sewer)
  A hound (D:3)
  Jessica (D:3)
  Terence (D:2)
  Robin (D:2)
  A river rat (Sewer)
  An adder skeleton (D:3)
  A dart slug (D:1)
  An orc (D:3)
  5 ball pythons
  8 endoplasms
  3 giant cockroaches
  13 goblins
  10 hobgoblins
  6 jackals
  A quokka (D:1)
  3 bats
  5 frilled lizards
  9 kobolds
  6 rats
79 creatures vanquished.

Vanquished Creatures (others)
  2 fungi (D:3)
2 creatures vanquished.

Grand Total: 81 creatures vanquished

Notes
Turn   | Place    | Note
-------+----------+-------------------------------------------
     0 | D:1      | bnorton916 the Deep Elf Conjurer began the quest for the
                  | Orb.
     0 | D:1      | Reached XP level 1. HP: 10/10 MP: 6/6
   266 | D:1      | Reached XP level 2. HP: 15/15 MP: 5/8
   326 | D:1      | Learned a level 2 spell: Searing Ray
   635 | D:1      | Reached skill level 5 in Conjurations
   635 | D:1      | Reached XP level 3. HP: 13/19 MP: 6/10
  1766 | D:2      | Noticed Robin
  1837 | D:2      | Killed Robin
  1964 | D:2      | Found a faded altar of an unknown god.
  2010 | D:2      | Noticed Terence
  2019 | D:2      | Killed Terence
  2020 | D:2      | Reached XP level 4. HP: 10/24 MP: 2/12
  2433 | D:2      | Reached skill level 5 in Spellcasting
  2672 | D:3      | Found a glowing drain.
  2780 | Sewer    | Entered a sewer
  3026 | Sewer    | Noticed a kobold brigand
  3039 | Sewer    | Killed a kobold brigand
  3040 | Sewer    | Reached XP level 5. HP: 19/28 MP: 9/15
  3513 | Sewer    | Learned a level 4 spell: Fulminant Prism
  3518 | Sewer    | Learned a level 4 spell: Iskenderun's Mystic Blast
  3543 | Sewer    | Found a white marble altar of Elyvilon.
  3673 | D:3      | Found a stormy altar of Qazlal.
  3888 | D:3      | Noticed Jessica
  3891 | D:3      | Killed Jessica
  4048 | D:3      | Found a shimmering altar of Xom.
  4249 | D:4      | Noticed a black bear
  4255 | D:4      | Killed a black bear
  4256 | D:4      | Reached XP level 6. HP: 32/32 MP: 8/17
  4346 | D:4      | Slain by a hobgoblin

Illustrated notes

Levels and vault maps discovered:
D:1:      dpeg_arrival_radiant, layout_basic
D:2:      layout_rooms, shapermc_ecumenical_altar_acropolis, uniq_robin,
          uniq_terence
D:3:      layout_basic, mainiacjoe_overflow_catch_the_wave,
          portal_sewer_entry_b, uniq_jessica
D:4:      minmay_angry_zag, layout_basic, gammafunk_temple_overflow_claw,
          mainiacjoe_overflow_catwalk, temple_fountains, grunt_decor_resistance,
          sigmund_army, uniq_menkaure

Skill      XL: |  1  2  3  4  5 |
---------------+----------------+-----
Spellcasting   | 4 5 6 |  6.7
Conjurations   | 5 6 |  6.7
Dodging        | |  2.4
Stealth        | |  2.4

Action                   |  1- 3 |  4- 6 || total
-------------------------+-------+-------++-------
Melee: Spear             |    22 |    23 ||    45
 Cast: Magic Dart        |    66 |    40 ||   106
       Searing Ray       |     4 |     7 ||    11
  Use: Scroll            |       |     3 ||     3
       Potion            |       |     1 ||     1
Armor: Robe              |    10 |    11 ||    21
Dodge: Dodged            |    16 |    42 ||    58
